 Dungeon Crawl Stone Soup version 0.30-a0-808-g6e0788376e (webtiles) character file.

Game seed: 16557937125017735273

669 pokeman the Magician (level 7, 0/39 HPs)
             Began as a Deep Elf Hedge Wizard on Feb 26, 2023.
             Slain by a sky beast (6 damage)
             ... on level 5 of the Dungeon.
             The game lasted 00:07:15 (4575 turns).

pokeman the Magician (Deep Elf Hedge Wizard)        Turns: 4575, Time: 00:07:15

Health: 0/39       AC:  2    Str:  7    XL:     7   Next: 32%
Magic:  0/20       EV: 13    Int: 21    God:
Gold:   166        SH:  0    Dex: 14    Spells: 12/21 levels left

rFire   + . .      SeeInvis .    a - +0 dagger
rCold   + . .      Faith    .    (no shield)
rNeg    . . .      Spirit   .    b - +0 robe
rPois   .          Reflect  .    c - +0 hat
rElec   .          Harm     .    p - scarf {rC+ rF+}
rCorr   .          Rampage  .    (no gloves)
Will    .....                    (no boots)
Stlth   +                        (no amulet)
HPRegen 0.26/turn                (no ring)
MPRegen 0.17/turn                (no ring)

@: confused
A: no striking features
a: no special abilities


You were on level 5 of the Dungeon.
You visited 1 branch of the dungeon, and saw 5 of its levels.

You collected 166 gold pieces.

Inventory:

Hand Weapons
 a - a +0 dagger (weapon)
Armour
 b - a +0 robe (worn)
 c - a +0 hat (worn)
 p - a scarf of resistance (worn)
Magical Staves
 l - a staff of fire
Wands
 A - a wand of roots (14)
Scrolls
 e - a scroll of enchant armour {unknown}
 f - 2 scrolls of butterflies {unknown}
 h - a scroll of vulnerability {unknown}
 i - 5 scrolls of identify {unknown}
 j - a scroll of teleportation {unknown}
 k - a scroll of blinking {unknown}
 m - a scroll of poison {unknown}
 n - a scroll of magic mapping {unknown}
 o - 2 scrolls of amnesia {unknown}
 q - a scroll of noise {unknown}
 s - a scroll of silence {unknown}
 w - 2 scrolls of fog {unknown}
 y - a scroll of immolation {unknown}
Potions
 d - a potion of magic
 g - a potion of might {unknown}
 r - 2 potions of haste {unknown}
 t - a potion of mutation {unknown}
 u - 2 potions of heal wounds {unknown}
 v - a potion of brilliance {unknown}
 x - a potion of berserk rage {unknown}
 z - 3 potions of curing {unknown}
 B - a potion of flight {unknown}


   Skills:
 + Level 1.9 Fighting
 - Level 1.0 Armour
 - Level 3.0 Dodging
 - Level 3.1 Stealth
 * Level 7.8 Spellcasting
 + Level 3.8 Conjurations
 - Level 1.1 Summonings
 - Level 1.1 Translocations
 + Level 2.3 Fire Magic
 - Level 1.0 Air Magic
 - Level 1.2 Poison Magic
 - Level 1.2 Evocations


You had 12 spell levels left.
You knew the following spells:

 Your Spells              Type           Power      Damage    Failure   Level
a - Magic Dart            Conj           96%        1d7       1%          1
b - Mephitic Cloud        Conj/Pois/Air  16%        N/A       11%         3
c - Call Imp              Summ           12%        N/A       8%          2
d - Blink                 Tloc           24%        N/A       8%          2
e - Shock                 Conj/Air       72%        1d7       3%          1

Your spell library contained the following spells:

 Spells                   Type           Power      Damage    Failure   Level
 Slow                     Hex            32%        N/A       9%          1
 Cigotuvi's Dreadful Rot  Necr/Pois/Air  22%        N/A       9%          2
 Swiftness                Air            12%        N/A       16%         3
 Olgreb's Toxic Radiance  Pois           13%        N/A       43%         4
 Airstrike                Air            6%         2d(1-17)  45%         4
 Ozocubu's Refrigeration  Ice            4%         4d8       100%        7
 Ignition                 Fire           9%         3d5       100%        8


Dungeon Overview and Level Annotations

Branches:
Dungeon (5/15)
 Temple: D:4-7

Altars:
Dithmenos
Okawaru
Qazlal
Ru
Trog
Uskayaw
Zin

Shops:
D:3 *


Message History

The zap hits the ufetubus!
You kill the ufetubus!
Your life force feels restored.
Things that are here:
a +0 dagger; a necrophage corpse Your magical contamination has completely faded away.
You see here a +0 whip.
A sky beast comes into view.
The sky beast moves out of view.
The sky beast flickers out of sight!
Deactivating autopickup; reactivate with Ctrl-A.
Casting: Shock (safe; 3% risk of failure)
Confirm with . or Enter, or press ? or * to list all spells.
You don't have enough magic to cast this spell.
You see here a manual of Throwing.
Casting: Shock (safe; 3% risk of failure)
Confirm with . or Enter, or press ? or * to list all spells.
You don't have enough magic to cast this spell.
Something hits you but does no damage. Something hits you.
Something shocks you.
You hear the slow rusting of a very distant drain.
You see here a +0 flail.
Something hits you. Something shocks you.
* * * LOW HITPOINT WARNING * * *
Casting: Shock (safe; 3% risk of failure)
Confirm with . or Enter, or press ? or * to list all spells.
Aiming: Mephitic Cloud (dangerous; 11% risk of failure)
Press: ? - help, Shift-Dir - straight line That beam is likely to hit you.
Continue anyway?
The ball explodes into a vile cloud!
The stinking cloud engulfs something but does no damage.
The stinking cloud engulfs you but does no damage.
You are engulfed in noxious fumes.
You choke on the stench!
You are confused.
Something hits you but does no damage.
You bump into the rock wall.
You are engulfed in noxious fumes.
Something hits you.
* * * LOW HITPOINT WARNING * * *
Something shocks you.
You die...

#....####
#)##....#### ###
#.)...#...$###..
##.#.#.####.##...
#....#....#..#..#
##.#)#.#.#.#..#..#
#○..##.##.......##
#☼###.:.###.......
#@○.##.##...##....
#..#.#.#.#.# ##...
#....#.#... #...
#.##.#.#... .....
#.# .#.#.. .....
#.. #.# ##... #..
#.# .... ... ....
...


There were no monsters in sight!

Vanquished Creatures
  A black bear (D:4)
  A phantom (D:4)
  A necrophage (D:5)
  2 scorpions (D:5)
  2 hounds
  An orc priest (D:5)
  2 jellies
  2 iguanas (D:4)
  5 adders
  An ufetubus (D:5)
  5 dart slugs
  7 orcs
  3 endoplasms
  3 giant cockroaches
  3 goblins
  6 hobgoblins
  5 jackals (D:4)
  6 quokkas
  6 ball pythons
  2 bats
  3 frilled lizards (D:1)
  4 kobolds
  7 rats
78 creatures vanquished.

Vanquished Creatures (collateral kills)
  2 jackals (D:3)
2 creatures vanquished.

Grand Total: 80 creatures vanquished

Notes
Turn   | Place    | Note
-------+----------+-------------------------------------------
     0 | D:1      | pokeman the Deep Elf Hedge Wizard began the quest for the
                  | Orb.
     0 | D:1      | Reached XP level 1. HP: 10/10 MP: 7/7
     6 | D:1      | Noticed a redback
     6 | D:1      | Noticed a swamp drake
     6 | D:1      | Noticed a wolf
     7 | D:1      | Noticed a komodo dragon
   394 | D:1      | Reached XP level 2. HP: 16/16 MP: 6/9
  1019 | D:1      | Reached skill level 5 in Spellcasting
  1340 | D:2      | Reached XP level 3. HP: 20/20 MP: 9/11
  1344 | D:2      | Learned a level 3 spell: Mephitic Cloud
  1347 | D:2      | Learned a level 2 spell: Call Imp
  1350 | D:2      | Learned a level 2 spell: Blink
  1452 | D:2      | Reached skill level 1 in Armour
  1540 | D:2      | Reached skill level 1 in Fighting
  2294 | D:3      | Learned a level 1 spell: Shock
  2401 | D:3      | Found a bloodstained altar of Trog.
  2534 | D:3      | Found Muroremiy's General Store.
  2831 | D:3      | Found a shadowy altar of Dithmenos.
  2933 | D:4      | Noticed a black bear
  2952 | D:4      | Killed a black bear
  2953 | D:4      | Reached skill level 6 in Spellcasting
  2953 | D:4      | Reached XP level 4. HP: 16/25 MP: 3/14
  2953 | D:4      | Reached XP level 5. HP: 19/29 MP: 3/15
  3072 | D:4      | Found a hide-covered altar of Uskayaw.
  3510 | D:4      | Reached skill level 1 in Fire Magic
  3736 | D:4      | Noticed a phantom
  3748 | D:4      | Killed a phantom
  3749 | D:4      | Reached skill level 1 in Air Magic
  3749 | D:4      | Reached skill level 1 in Poison Magic
  3749 | D:4      | Reached skill level 1 in Evocations
  3749 | D:4      | Reached XP level 6. HP: 10/34 MP: 7/17
  4077 | D:4      | Found an iron altar of Okawaru.
  4077 | D:4      | Found a glowing silver altar of Zin.
  4314 | D:5      | Entered Level 5 of the Dungeon
  4343 | D:5      | Found a sacrificial altar of Ru.
  4381 | D:5      | Reached skill level 7 in Spellcasting
  4395 | D:5      | Found a stormy altar of Qazlal.
  4438 | D:5      | Reached XP level 7. HP: 4/38 MP: 1/19
  4575 | D:5      | Slain by a sky beast

Illustrated notes

Levels and vault maps discovered:
D:1:      onia_arrival_zoo_common, layout_loops_corners
D:2:      layout_rooms
D:3:      layout_loops_ring, lemuel_tele_altar,
          mainiacjoe_overflow_tiny_flanked, serial_shops, shop
D:4:      layout_basic, gammafunk_temple_overflow_wave,
          nicolae_uskayaw_dance_hall, serial_corexii_hall,
          corexii_hall_statues_i, corexii_hall_statues_s
D:5:      layout_cave_pools, grunt_qazlal_clouds, mainiacjoe_overflow_catwalk,
          lemuel_doored_altar, portal_sewer_entry_e, minmay_manual_monstrance,
          uniq_pikel

Skill      XL: |  1  2  3  4  5  6  7 |
---------------+----------------------+-----
Spellcasting   | 5 6 7 |  7.8
Armour         | 1 |  1.0
Fighting       | 1 |  1.9
Conjurations   | 2 3 |  3.8
Dodging        | 3 |  3.0
Stealth        | 3 |  3.1
Fire Magic     | 1 2 |  2.3
Air Magic      | 1 |  1.0
Poison Magic   | 1 |  1.2
Evocations     | 1 |  1.2
Summonings     | |  1.1
Translocations | |  1.1

Action                     |  1- 3 |  4- 6 |  7- 9 || total
---------------------------+-------+-------+-------++-------
  Melee: Dagger            |     1 |     8 |       ||     9
   Cast: Magic Dart        |   101 |     1 |    16 ||   118
         Shock             |    15 |    70 |    13 ||    98
         Mephitic Cloud    |     1 |     2 |     1 ||     4
         Call Imp          |     1 |     1 |       ||     2
  Evoke: Wand              |       |     1 |       ||     1
    Use: Potion            |       |       |     1 ||     1
 Armour: Robe              |     3 |     5 |     4 ||    12
  Dodge: Dodged            |    15 |    32 |     9 ||    56

Table legend: (Time is in decaauts)
 A = Elapsed time spent in this place.
 B = Non-inter-level travel time spent in this place.
 C = Inter-level travel time spent in this place.
 D = Time resting spent in this place.
 E = Time spent auto-exploring this place.
 F = Levels seen in this place.
 G = Mean time per level.
                   A        B        C        D        E       F      G
               +--------+--------+--------+--------+--------+-----+--------+
         Total |   4573 |   4333 |    240 |      0 |   3710 |   5 |  914.6 |
       Dungeon |   4573 |   4333 |    240 |      0 |   3710 |   5 |  914.6 |
               +--------+--------+--------+--------+--------+-----+--------+

Top non-repeatable levels by time:
     D:4: 1409 daAuts
     D:1: 1333 daAuts
     D:3: 828 daAuts
     D:2: 741 daAuts
     D:5: 260 daAuts
